 Dungeon Crawl Stone Soup version 0.29.0-15-g675c0067aa (webtiles) character file.

Game seed: 12865523080555154747

27260 qw the Cleaver (level 13, -4/82 HPs)
             Began as a Gargoyle Fighter on Sept 12, 2022.
             Was a High Priest of Okawaru.
             Splashed by a goliath frog's acid (8 damage)
             ... on level 5 of the Lair of Beasts.
             The game lasted 00:05:09 (15013 turns).

qw the Cleaver (Gargoyle Fighter)                  Turns: 15013, Time: 00:05:09

Health: -4/82      AC: 19    Str: 24    XL:     13   Next: 31%
Magic:  20/22      EV:  8    Int: 10    God:    Okawaru [*****.]
Gold:   844        SH:  6    Dex:  7    Spells: 12/12 levels left

rFire   . . .      SeeInvis .   m - +3 war axe (vamp)
rCold   . . .      Faith    .   c - +0 buckler
rNeg    + + .      Spirit   .   u - +0 plate armour
rPois   inf        Reflect  .   a - +0 helmet
rElec   +          Harm     .   i - scarf {repulsion}
rCorr   .          Rampage  .   (no gloves)
Will    .....                   (no boots)
Stlth   ..........              (no amulet)
HPRegen 0.23/turn               e - ring of positive energy
MPRegen 0.18/turn               (no ring)

@: about to teleport, heroic, corroded, repel missiles
A: sickness immunity, AC +9, negative energy resistance 1, electricity
resistance, torment resistance 1, petrification resistance, talons 1, clumsy 1,
high MP 1
a: Renounce Religion, Heroism, Finesse, Duel


You were on level 5 of the Lair of Beasts.
You worshipped Okawaru.
Okawaru was extremely pleased with you.
You visited 3 branches of the dungeon, and saw 15 of its levels.

You collected 844 gold pieces.


Innate Abilities, Weirdness & Mutations

You are immune to sickness and miasma.
Your stone body is resilient. (AC +9)
You are immune to poison.
You resist negative energy. (rN+)
You are resistant to electric shocks. (rElec)
You are resistant to unholy torment.
You are immune to petrification.
You have sharp toenails.
You are clumsy. (Dex -2)
You have an increased reservoir of magic. (+10% MP)


   Skills:
 - Level 10.1(15.1) Fighting
 + Level 13.8(18.8) Axes
 - Level 5.2(10.2) Throwing
 - Level 9.1(14.1) Armour
 - Level 1.2(6.2) Dodging
 - Level 6.0(11.0) Shields
 - Level 10.0 Invocations


You had 12 spell levels left.
You didn't know any spells.
Your spell library was empty.

Inventory:

Hand Weapons
 m - a +3 vampiric war axe (weapon)
 s - a +0 broad axe of flaming
Missiles
 n - 14 boomerangs (quivered)
Armour
 a - a +0 helmet (worn)
 c - a +0 buckler (worn)
 i - a scarf of repulsion (worn)
 u - a +0 plate armour (worn)
Jewellery
 e - a ring of positive energy (left hand)
 o - a ring of fire
Scrolls
 k - 4 scrolls of identify
 r - 3 scrolls of teleportation
Potions
 b - 4 potions of heal wounds
 d - 5 potions of might
 f - 2 potions of cancellation
 g - a potion of haste
 h - 7 potions of curing
 j - 2 potions of mutation
 q - 4 potions of lignification

Dungeon Overview and Level Annotations

Branches:
Dungeon (9/15)             Temple (1/1) D:4            Lair (5/5) D:9
 Shoals (0/4) Lair:2        Snake (0/4) Lair:3        Slime (0/5) Lair:4
    Orc (0/2) D:9

Altars:
Ashenzari
Cheibriados
Dithmenos
Elyvilon
Fedhas
Gozag
Hepliaklqana
Kikubaaqudgha
Makhleb
Nemelex Xobeh
Okawaru
Qazlal
Ru
Sif Muna
Trog
Uskayaw
Vehumet
Wu Jian
Xom
Yredelemnul
Zin
The Shining One
Jiyva

Shops:
D:1 (!   D:7 (


Message History

The goliath frog barely misses you.
You see here a vampire mosquito corpse.
You slash the goliath frog! Your kick misses the goliath frog.
The goliath frog is lightly wounded.
The goliath frog barely misses you.
You hit the goliath frog but do no damage.
The goliath frog is lightly wounded.
The goliath frog hits you.
You are splashed with acid!
You slash the goliath frog!
You feel better.
The goliath frog is heavily wounded.
You block the goliath frog's attack.
You hit the goliath frog. Your kick misses the goliath frog.
The goliath frog is heavily wounded.
You block the goliath frog's attack.
You hit the goliath frog but do no damage.
You claw the goliath frog.
The goliath frog is severely wounded.
The goliath frog hits you. The acid corrodes you!
You are splashed with acid!
You barely miss the goliath frog. Your kick misses the goliath frog.
The goliath frog is severely wounded.
You miss the goliath frog.
The goliath frog is severely wounded.
The goliath frog hits you. The acid corrodes you!
You are splashed with acid!
You hit the goliath frog but do no damage.
You claw the goliath frog, but do no damage.
The goliath frog is severely wounded.
You feel like a meek peon again. The goliath frog hits you.
You are splashed with acid!
15011 ||| INVOKING Heroism.
You gain the combat prowess of a mighty hero.
The goliath frog hits you!!
You are splashed with acid!
15012 ||| READING 4 scrolls of teleportation.
As you read the scroll of teleportation, it crumbles to dust.
You feel strangely unstable. The goliath frog hits you.
You are splashed with acid!
The goliath frog closely misses you.
15013 ||| DRINKING 5 potions of heal wounds.
You feel much better. The goliath frog hits you!
You are splashed with acid!
You die...

.~~~.....##. #~((......P
#~~....... #~~.~P...
#....~. #..... #P... ..
#..~F## ...### ...
####@.##...#.##...
####....%.##............
........####............
.......%...............
................# ...#
.............<## ##..##
....######.#.%[####.....
##.. #.###.%.#.#.....
... ###.............


You could see a goliath frog.

Vanquished Creatures
  2 hydras (Lair:4)
  A centaur warrior (D:8)
  2 two-headed ogres
  4 death yaks (Lair:5)
  A lindwurm (Lair:3)
  A deep elf pyromancer (D:8)
  10 elephants
  12 cane toads
  2 rime drakes
  A torpor snail (Lair:1)
  Maggie (Lair:1)
  7 komodo dragons
  Grinder (D:3)
  A troll (D:8)
  Prince Ribbit (D:7)
  4 blink frogs
  Sigmund (D:3)
  5 dream sheep (Lair:5)
  3 spriggans (Lair:4)
  8 yaks
  7 basilisks
  A vampire mosquito (Lair:5)
  2 steam dragons (D:8)
  Menkaure (D:7)
  2 nagas (Lair:3)
  An acid dragon (D:8)
  5 water moccasins
  6 orc warriors
  A swamp drake (D:9)
  2 black bears
  3 sky beasts
  2 ogres
  12 wolves
  5 centaurs
  2 phantoms
  A kobold brigand (D:8)
  11 bullfrogs
  5 wights
  6 howler monkeys
  2 jellies
  8 orc priests
  3 hounds
  6 iguanas
  12 orc wizards
  11 adders
  2 white imps
  An ufetubus (D:5)
  2 worms
  4 dart slugs
  49 orcs
  6 ball pythons
  6 bats
  6 endoplasms
  4 giant cockroaches
  6 goblins
  9 hobgoblins
  6 jackals
  5 kobolds
  A quokka (D:4)
  3 training dummies (D:7)
  5 frilled lizards
  2 rats
302 creatures vanquished.

Vanquished Creatures (others)
  An orc priest (D:9)
  12 fungi
  89 plants
102 creatures vanquished.

Grand Total: 404 creatures vanquished

Notes
Turn   | Place    | Note
-------+----------+-------------------------------------------
     0 | D:1      | qw the Gargoyle Fighter began the quest for the Orb.
     0 | D:1      | Reached XP level 1. HP: 14/14 MP: 1/1
     0 | D:1      | 0 ||| qw: Version: 0.1-a-119-g272c26d
     0 | D:1      | 0 ||| qw: Game counter: 10894
     0 | D:1      | 0 ||| qw: Always use a shield: true
     0 | D:1      | 0 ||| qw: God list: Okawaru
     0 | D:1      | 0 ||| qw: Allow faded altars: false
     0 | D:1      | 0 ||| qw: Do Orc after D:15 true
     0 | D:1      | 0 ||| qw: Do second Lair branch before Depths: true
     0 | D:1      | 0 ||| qw: Lair rune preference: random
     0 | D:1      | 0 ||| qw: Plans: Normal, Zot, God:TSO, Crypt, Tomb, Pan,
                  | Slime, Hells, Zig, Abyss, Orb
     0 | D:1      | 0 ||| PLANNING D:1-11
    35 | D:1      | 35 ||| Stepping ~*~*~tactically~*~*~ (hiding).
    41 | D:1      | Reached skill level 2 in Axes
   282 | D:1      | 282 ||| Stepping ~*~*~tactically~*~*~ (stealth).
   285 | D:1      | Reached XP level 2. HP: 19/19 MP: 2/2
   541 | D:1      | Found a faded altar of an unknown god.
   542 | D:1      | 542 ||| DROPPING +0 club.
   580 | D:1      | Found Ciheczir's Weapon Shop.
   585 | D:1      | 585 ||| Stepping ~*~*~tactically~*~*~ (stealth).
   587 | D:1      | 587 ||| Stepping ~*~*~tactically~*~*~ (stealth).
   677 | D:1      | Reached skill level 3 in Axes
   810 | D:1      | Found Waaleeh's Distillery.
   818 | D:1      | Reached XP level 3. HP: 23/23 MP: 3/3
   828 | D:1      | 828 ||| SHOPLISTING 2 potions of curing (66 gold, have 20).
   828 | D:1      | 828 ||| SHOPLISTING potion of attraction (33 gold, have
                  | 20).
   828 | D:1      | 828 ||| SHOPLISTING potion of curing (33 gold, have 20).
   828 | D:1      | 828 ||| SHOPLISTING potion of heal wounds (55 gold, have
                  | 20).
   828 | D:1      | 828 ||| SHOPLISTING potion of lignification (33 gold, have
                  | 20).
   828 | D:1      | 828 ||| SHOPLISTING potion of might (44 gold, have 20).
   828 | D:1      | 828 ||| SHOPLISTING potion of mutation (88 gold, have 20).
   955 | D:1      | 955 ||| Stepping ~*~*~tactically~*~*~ (hiding).
  1205 | D:1      | 1205 ||| READING scroll labelled NIMUZX UFFUSM.
  1206 | D:1      | 1206 ||| READING scroll labelled XOTYAQ YKKUP.
  1207 | D:1      | 1207 ||| READING scroll labelled UROERA JADGHOR.
  1208 | D:1      | 1208 ||| READING 2 scrolls labelled QULLED XETU.
  1209 | D:1      | 1209 ||| READING scroll labelled ZEYWNONWUI.
  1210 | D:1      | 1210 ||| DRINKING 2 ruby potions.
  1211 | D:1      | 1211 ||| DROPPING scroll of immolation.
  1567 | D:2      | 1567 ||| Stepping ~*~*~tactically~*~*~ (stealth).
  1570 | D:2      | Reached XP level 4. HP: 28/28 MP: 4/4
  1667 | D:2      | 1667 ||| Stepping ~*~*~tactically~*~*~ (stealth).
  1678 | D:2      | Reached skill level 4 in Axes
  1729 | D:2      | You fall into a shaft and drop 1 floor!
  1853 | D:3      | 1853 ||| Stepping ~*~*~tactically~*~*~ (stealth).
  1855 | D:3      | 1855 ||| Stepping ~*~*~tactically~*~*~ (stealth).
  2149 | D:3      | Noticed Grinder
  2150 | D:3      | Paralysed by Grinder for 5 turns
  2157 | D:3      | Reached XP level 5. HP: 28/32 MP: 5/5
  2166 | D:3      | Paralysed by Grinder for 2 turns
  2176 | D:3      | Paralysed by Grinder for 2 turns
  2178 | D:3      | 2178 ||| Stepping ~*~*~tactically~*~*~ (hiding).
  2183 | D:3      | HP: 4/32 [Grinder/nerve-wracking pain (6)]
  2184 | D:3      | 2184 ||| DRINKING potion of heal wounds.
  2185 | D:3      | Paralysed by Grinder for 2 turns
  2209 | D:3      | Killed Grinder
  2210 | D:3      | Reached skill level 3 in Throwing
  2210 | D:3      | Reached XP level 6. HP: 14/37 MP: 6/6
  2594 | D:3      | Noticed Sigmund
  2595 | D:3      | 2595 ||| Stepping ~*~*~tactically~*~*~ (hiding).
  2616 | D:3      | HP: 9/37 [something (1)]
  2622 | D:3      | HP: 8/37 [something (1)]
  2624 | D:3      | Killed Sigmund
  2625 | D:3      | Reached skill level 5 in Axes
  2625 | D:3      | Reached XP level 7. HP: 9/41 MP: 7/7
  3114 | D:3      | 3114 ||| UPGRADING to +0 helmet.
  3119 | D:3      | 3119 ||| UPGRADING to +1 scale mail of cold resistance.
  3129 | D:3      | 3129 ||| DROPPING +0 scale mail.
  3130 | D:3      | 3130 ||| READING 2 scrolls labelled SIVASU EMEX.
  3131 | D:3      | 3131 ||| READING scroll of enchant weapon.
  3131 | D:3      | 3131 ||| ENCHANTING +1 war axe.
  3132 | D:3      | 3132 ||| READING scroll labelled PUIFOO PITOKIZ.
  3133 | D:3      | 3133 ||| READING 2 scrolls labelled ITINOBL XUFYALL.
  3136 | D:3      | 3136 ||| DRINKING 2 green potions.
  3136 | D:3      | Gained mutation: You are clumsy. (Dex -2) [potion of
                  | mutation]
  3136 | D:3      | Gained mutation: You have an increased reservoir of magic.
                  | (+10% MP) [potion of mutation]
  3136 | D:3      | Gained mutation: You have sharp toenails. [potion of
                  | mutation]
  3137 | D:3      | 3137 ||| DRINKING 2 lumpy silvery potions.
  3184 | D:3      | 3184 ||| READING 5 scrolls of identify.
  3184 | D:3      | 3184 ||| IDENTIFYING lumpy orange potion
  3185 | D:3      | 3185 ||| READING 4 scrolls of identify.
  3185 | D:3      | 3185 ||| IDENTIFYING blue potion
  3186 | D:3      | 3186 ||| READING 3 scrolls of identify.
  3186 | D:3      | 3186 ||| IDENTIFYING silvery potion
  3187 | D:3      | 3187 ||| READING 2 scrolls of identify.
  3187 | D:3      | 3187 ||| IDENTIFYING lumpy yellow potion
  3188 | D:3      | 3188 ||| DROPPING potion of flight.
  3243 | D:2      | 3243 ||| READING scroll of enchant weapon.
  3243 | D:2      | 3243 ||| ENCHANTING +2 war axe.
  3531 | D:2      | 3531 ||| UPGRADING to ring of positive energy.
  3832 | D:3      | 3832 ||| DRINKING 2 bubbling red potions.
  3833 | D:3      | 3833 ||| DROPPING potion of magic.
  3886 | D:4      | 3886 ||| Stepping ~*~*~tactically~*~*~ (stealth).
  3898 | D:4      | 3898 ||| FLEEEEING.
  3899 | D:4      | 3899 ||| FLEEEEING.
  3900 | D:4      | 3900 ||| FLEEEEING.
  3902 | D:4      | 3902 ||| FLEEEEING.
  3903 | D:4      | 3903 ||| FLEEEEING.
  3904 | D:4      | 3904 ||| FLEEEEING.
  3905 | D:4      | 3905 ||| FLEEEEING.
  3906 | D:4      | 3906 ||| FLEEEEING.
  3907 | D:4      | 3907 ||| STAIRDANCE
  4066 | D:3      | 4066 ||| READING 2 scrolls of identify.
  4066 | D:3      | 4066 ||| IDENTIFYING coppery potion
  4067 | D:3      | 4067 ||| DROPPING potion of invisibility.
  4088 | D:4      | 4088 ||| DROPPING +0 mace.
  4154 | D:4      | Found a staircase to the Ecumenical Temple.
  4155 | D:4      | 4155 ||| PLANNING TEMPLE
  4162 | Temple   | Entered the Ecumenical Temple
  4362 | Temple   | 4362 ||| PLANNING D:1-11
  4384 | Temple   | Became a worshipper of Warmaster Okawaru
  4429 | D:4      | 4429 ||| Stepping ~*~*~tactically~*~*~ (stealth).
  4430 | D:4      | 4430 ||| Stepping ~*~*~tactically~*~*~ (stealth).
  4438 | D:4      | 4438 ||| Stepping ~*~*~tactically~*~*~ (stealth).
  4625 | D:4      | 4625 ||| Stepping ~*~*~tactically~*~*~ (hiding).
  4626 | D:4      | 4626 ||| Stepping ~*~*~tactically~*~*~ (hiding).
  4647 | D:4      | 4647 ||| Stepping ~*~*~tactically~*~*~ (stealth).
  4704 | D:4      | Reached skill level 6 in Axes
  4907 | D:4      | 4907 ||| Stepping ~*~*~tactically~*~*~ (stealth).
  5050 | D:4      | Found a broken altar of Ashenzari.
  5050 | D:4      | Found an ancient bone altar of Kikubaaqudgha.
  5133 | D:4      | 5133 ||| UPGRADING to scarf of repulsion.
  5138 | D:4      | 5138 ||| UPGRADING to +0 plate armour.
  5148 | D:4      | 5148 ||| DROPPING +1 scale mail of cold resistance.
  5149 | D:4      | 5149 ||| READING scroll labelled GEREHUETOI.
  5150 | D:4      | 5150 ||| READING scroll labelled AVITOQ ASISIDE.
  5202 | D:4      | 5202 ||| READING 3 scrolls labelled CERUNT TUWAS.
  5203 | D:4      | 5203 ||| READING 2 scrolls of brand weapon.
  5203 | D:4      | 5203 ||| BRANDING +3 war axe of protection.
  5204 | D:4      | 5204 ||| READING scroll of brand weapon.
  5204 | D:4      | 5204 ||| BRANDING +3 war axe of venom.
  5219 | D:5      | Entered Level 5 of the Dungeon
  5229 | D:5      | Reached * piety under Okawaru
  5232 | D:5      | Reached XP level 8. HP: 48/48 MP: 7/9
  5278 | D:5      | 5278 ||| Stepping ~*~*~tactically~*~*~ (hiding).
  5287 | D:5      | Reached skill level 1 in Invocations
  5293 | D:5      | 5293 ||| INVOKING Heroism.
  5380 | D:5      | 5380 ||| Stepping ~*~*~tactically~*~*~ (hiding).
  5382 | D:5      | 5382 ||| Stepping ~*~*~tactically~*~*~ (hiding).
  5386 | D:5      | 5386 ||| INVOKING Heroism.
  5416 | D:5      | Found a white marble altar of Elyvilon.
  5419 | D:5      | 5419 ||| INVOKING Heroism.
  5441 | D:5      | Reached skill level 7 in Axes
  5441 | D:5      | Reached skill level 3 in Invocations
  6184 | D:5      | 6184 ||| READING scroll labelled DONUM JAISU.
  6305 | D:6      | 6305 ||| INVOKING Heroism.
  6467 | D:6      | Reached XP level 9. HP: 54/54 MP: 13/13
  6469 | D:6      | 6469 ||| INVOKING Heroism.
  6470 | D:6      | 6470 ||| Stepping ~*~*~tactically~*~*~ (hiding).
  6477 | D:6      | Reached ** piety under Okawaru
  6483 | D:6      | Reached skill level 8 in Axes
  6500 | D:6      | 6500 ||| INVOKING Heroism.
  6505 | D:6      | 6505 ||| DRINKING 5 potions of curing.
  6505 | D:6      | 6505 ||| (to cure confusion)
  6655 | D:6      | Reached skill level 6 in Fighting
  6666 | D:6      | Found a snail-covered altar of Cheibriados.
  6699 | D:6      | 6699 ||| READING 4 scrolls of identify.
  6699 | D:6      | 6699 ||| IDENTIFYING fizzy golden potion
  6700 | D:6      | 6700 ||| DROPPING potion of brilliance.
  6768 | D:7      | Reached skill level 1 in Dodging
  6804 | D:7      | 6804 ||| Stepping ~*~*~tactically~*~*~ (stealth).
  6872 | D:7      | 6872 ||| Stepping ~*~*~tactically~*~*~ (hiding).
  6873 | D:7      | 6873 ||| Stepping ~*~*~tactically~*~*~ (hiding).
  6874 | D:7      | 6874 ||| Stepping ~*~*~tactically~*~*~ (hiding).
  6879 | D:7      | 6879 ||| INVOKING Heroism.
  6895 | D:7      | HP: 12/55 [wight/+4 trident (2)]
  6896 | D:7      | 6896 ||| READING 2 scrolls of teleportation.
  6897 | D:7      | 6897 ||| DRINKING 3 potions of heal wounds.
  6898 | D:7      | 6898 ||| INVOKING Heroism.
  7115 | D:7      | 7115 ||| Stepping ~*~*~tactically~*~*~ (hiding).
  7118 | D:7      | 7118 ||| Stepping ~*~*~tactically~*~*~ (hiding).
  7300 | D:7      | Noticed Menkaure
  7301 | D:7      | 7301 ||| Stepping ~*~*~tactically~*~*~ (hiding).
  7303 | D:7      | 7303 ||| INVOKING Heroism.
  7307 | D:7      | Killed Menkaure
  7356 | D:7      | 7356 ||| DROPPING +0 flail.
  7379 | D:7      | 7379 ||| Stepping ~*~*~tactically~*~*~ (stealth).
  7487 | D:7      | 7487 ||| INVOKING Heroism.
  7564 | D:7      | Noticed Prince Ribbit
  7565 | D:7      | 7565 ||| INVOKING Heroism.
  7579 | D:7      | Killed Prince Ribbit
  7580 | D:7      | Reached skill level 9 in Axes
  7828 | D:7      | Found Dusy's Firing Range.
  8172 | D:7      | 8172 ||| READING scroll labelled LAALETOSHRE.
  8173 | D:7      | 8173 ||| READING 3 scrolls of identify.
  8173 | D:7      | 8173 ||| IDENTIFYING golden potion
  8174 | D:7      | 8174 ||| READING 2 scrolls of identify.
  8174 | D:7      | 8174 ||| IDENTIFYING dark potion
  8175 | D:7      | 8175 ||| DROPPING potion of degeneration.
  8176 | D:7      | 8176 ||| DROPPING potion of berserk rage.
  8308 | D:8      | Noticed a centaur warrior
  8308 | D:8      | Noticed a troll
  8309 | D:8      | 8309 ||| INVOKING Heroism.
  8312 | D:8      | 8312 ||| Stepping ~*~*~tactically~*~*~ (stealth).
  8316 | D:8      | Killed a centaur warrior
  8317 | D:8      | Reached XP level 10. HP: 65/65 MP: 11/14
  8326 | D:8      | Reached *** piety under Okawaru
  8328 | D:8      | Noticed a deep elf pyromancer
  8343 | D:8      | Killed a deep elf pyromancer
  8344 | D:8      | Reached skill level 6 in Armour
  8345 | D:8      | 8345 ||| INVOKING Heroism.
  8355 | D:8      | 8355 ||| Stepping ~*~*~tactically~*~*~ (stealth).
  8360 | D:8      | Noticed a two-headed ogre
  8361 | D:8      | 8361 ||| Stepping ~*~*~tactically~*~*~ (stealth).
  8362 | D:8      | 8362 ||| Stepping ~*~*~tactically~*~*~ (stealth).
  8368 | D:8      | Killed a two-headed ogre
  8374 | D:8      | 8374 ||| INVOKING Heroism.
  8544 | D:8      | 8544 ||| Stepping ~*~*~tactically~*~*~ (stealth).
  8555 | D:8      | Reached skill level 10 in Axes
  8574 | D:8      | 8574 ||| Stepping ~*~*~tactically~*~*~ (hiding).
  8606 | D:8      | 8606 ||| Stepping ~*~*~tactically~*~*~ (cloud).
  8607 | D:8      | 8607 ||| Stepping ~*~*~tactically~*~*~ (cloud).
  8617 | D:8      | 8617 ||| INVOKING Heroism.
  8649 | D:8      | 8649 ||| Stepping ~*~*~tactically~*~*~ (stealth).
  8652 | D:8      | 8652 ||| Stepping ~*~*~tactically~*~*~ (hiding).
  8663 | D:8      | 8663 ||| Stepping ~*~*~tactically~*~*~ (stealth).
  8665 | D:8      | 8665 ||| Stepping ~*~*~tactically~*~*~ (stealth).
  8667 | D:8      | 8667 ||| Stepping ~*~*~tactically~*~*~ (stealth).
  8668 | D:8      | 8668 ||| Stepping ~*~*~tactically~*~*~ (stealth).
  8669 | D:8      | 8669 ||| Stepping ~*~*~tactically~*~*~ (stealth).
  8670 | D:8      | 8670 ||| Stepping ~*~*~tactically~*~*~ (stealth).
  8672 | D:8      | 8672 ||| INVOKING Heroism.
  8708 | D:8      | 8708 ||| Stepping ~*~*~tactically~*~*~ (stealth).
  8712 | D:8      | 8712 ||| Stepping ~*~*~tactically~*~*~ (stealth).
  8713 | D:8      | 8713 ||| Stepping ~*~*~tactically~*~*~ (stealth).
  8723 | D:8      | 8723 ||| INVOKING Heroism.
  8732 | D:8      | Reached **** piety under Okawaru
  8951 | D:8      | 8951 ||| INVOKING Heroism.
  8956 | D:8      | 8956 ||| Stepping ~*~*~tactically~*~*~ (cloud).
  9192 | D:8      | 9192 ||| Stepping ~*~*~tactically~*~*~ (stealth).
  9194 | D:8      | 9194 ||| INVOKING Heroism.
  9332 | D:9      | 9332 ||| INVOKING Heroism.
  9333 | D:9      | 9333 ||| STAIRDANCE
  9350 | D:9      | 9350 ||| STAIRDANCE
  9359 | D:8      | Reached XP level 11. HP: 59/69 MP: 14/16
  9486 | D:9      | 9486 ||| INVOKING Heroism.
  9561 | D:9      | Found a staircase to the Lair.
  9747 | D:9      | 9747 ||| Stepping ~*~*~tactically~*~*~ (hiding).
  9750 | D:9      | 9750 ||| INVOKING Heroism.
  9768 | D:9      | Reached skill level 6 in Invocations
  9802 | D:9      | 9802 ||| INVOKING Heroism.
  9806 | D:9      | Found a staircase to the Orcish Mines.
  9820 | D:9      | 9820 ||| FLEEEEING.
  9821 | D:9      | 9821 ||| FLEEEEING.
  9822 | D:9      | 9822 ||| FLEEEEING.
  9823 | D:9      | 9823 ||| FLEEEEING.
  9824 | D:9      | 9824 ||| FLEEEEING.
  9825 | D:9      | 9825 ||| FLEEEEING.
  9826 | D:9      | 9826 ||| FLEEEEING.
  9827 | D:9      | 9827 ||| FLEEEEING.
  9828 | D:9      | 9828 ||| FLEEEEING.
  9837 | D:9      | 9837 ||| FLEEEEING.
  9838 | D:9      | 9838 ||| FLEEEEING.
  9839 | D:9      | 9839 ||| FLEEEEING.
  9840 | D:9      | 9840 ||| FLEEEEING.
  9841 | D:9      | 9841 ||| FLEEEEING.
  9842 | D:9      | 9842 ||| FLEEEEING.
  9843 | D:9      | 9843 ||| FLEEEEING.
  9844 | D:9      | 9844 ||| FLEEEEING.
  9845 | D:9      | 9845 ||| FLEEEEING.
  9846 | D:9      | 9846 ||| FLEEEEING.
  9847 | D:9      | 9847 ||| FLEEEEING.
  9848 | D:9      | 9848 ||| FLEEEEING.
  9849 | D:9      | 9849 ||| FLEEEEING.
  9850 | D:9      | 9850 ||| FLEEEEING.
  9851 | D:9      | 9851 ||| FLEEEEING.
  9852 | D:9      | 9852 ||| FLEEEEING.
  9853 | D:9      | 9853 ||| FLEEEEING.
  9854 | D:9      | 9854 ||| FLEEEEING.
  9855 | D:9      | 9855 ||| FLEEEEING.
  9856 | D:9      | 9856 ||| FLEEEEING.
  9857 | D:9      | 9857 ||| FLEEEEING.
  9858 | D:9      | 9858 ||| FLEEEEING.
  9859 | D:9      | 9859 ||| FLEEEEING.
  9860 | D:9      | 9860 ||| FLEEEEING.
  9861 | D:9      | 9861 ||| FLEEEEING.
  9862 | D:9      | 9862 ||| FLEEEEING.
  9863 | D:9      | 9863 ||| FLEEEEING.
  9864 | D:9      | 9864 ||| FLEEEEING.
  9865 | D:9      | 9865 ||| FLEEEEING.
  9866 | D:9      | 9866 ||| STAIRDANCE
 10118 | D:9      | Noticed a two-headed ogre
 10119 | D:9      | 10119 ||| INVOKING Heroism.
 10127 | D:9      | Killed a two-headed ogre
 10128 | D:9      | Reached skill level 11 in Axes
 10302 | D:9      | 10302 ||| PLANNING LAIR
 10338 | Lair:1   | Entered Level 1 of the Lair of Beasts
 10453 | Lair:1   | 10453 ||| INVOKING Heroism.
 10700 | Lair:1   | Reached ***** piety under Okawaru
 10701 | Lair:1   | Reached skill level 9 in Fighting
 10757 | Lair:1   | 10757 ||| INVOKING Heroism.
 10758 | Lair:1   | 10758 ||| Stepping ~*~*~tactically~*~*~ (stealth).
 10788 | Lair:1   | Received a gift from Okawaru
 10889 | Lair:1   | 10889 ||| Stepping ~*~*~tactically~*~*~ (stealth).
 10893 | Lair:1   | 10893 ||| INVOKING Heroism.
 10895 | Lair:1   | 10895 ||| Stepping ~*~*~tactically~*~*~ (stealth).
 10946 | Lair:1   | Noticed Maggie
 10947 | Lair:1   | 10947 ||| Stepping ~*~*~tactically~*~*~ (stealth).
 10948 | Lair:1   | 10948 ||| Stepping ~*~*~tactically~*~*~ (stealth).
 10972 | Lair:1   | Killed Maggie
 10975 | Lair:1   | 10975 ||| DROPPING +4 morningstar.
 11461 | Lair:2   | 11461 ||| INVOKING Heroism.
 11547 | Lair:2   | 11547 ||| INVOKING Heroism.
 11633 | Lair:2   | You fall into a shaft and drop 2 floors!
 11634 | Lair:4   | 11634 ||| INVOKING Heroism.
 11644 | Lair:4   | Received a gift from Okawaru
 11710 | Lair:4   | Found a staircase to the Slime Pits.
 11710 | Lair:4   | Found a viscous altar of Jiyva.
 11723 | Lair:4   | 11723 ||| READING scroll labelled KAESALAOHY.
 11732 | Lair:3   | Noticed a lindwurm
 11733 | Lair:3   | 11733 ||| INVOKING Heroism.
 11744 | Lair:3   | Killed a lindwurm
 11745 | Lair:3   | Reached skill level 9 in Invocations
 11745 | Lair:3   | Reached XP level 12. HP: 76/76 MP: 18/20
 11809 | Lair:2   | 11809 ||| INVOKING Heroism.
 11833 | Lair:2   | 11833 ||| Stepping ~*~*~tactically~*~*~ (hiding).
 12052 | Lair:2   | 12052 ||| INVOKING Heroism.
 12057 | Lair:2   | Reached skill level 12 in Axes
 12135 | Lair:2   | 12135 ||| INVOKING Heroism.
 12276 | Lair:2   | Found a staircase to the Shoals.
 12476 | Lair:2   | Identified the +5 battleaxe of Anotunn {vorpal, Int+3}
                  | (Okawaru gifted it to you on level 2 of the Lair of Beasts)
 12476 | Lair:2   | Received a gift from Okawaru
 12559 | Lair:2   | 12559 ||| INVOKING Heroism.
 12821 | Lair:3   | 12821 ||| STAIRDANCE
 12854 | Lair:3   | 12854 ||| Stepping ~*~*~tactically~*~*~ (stealth).
 12857 | Lair:3   | 12857 ||| Stepping ~*~*~tactically~*~*~ (stealth).
 12858 | Lair:3   | 12858 ||| Stepping ~*~*~tactically~*~*~ (stealth).
 12895 | Lair:3   | Found a staircase to the Snake Pit.
 12906 | Lair:3   | 12906 ||| INVOKING Heroism.
 13144 | Lair:3   | 13144 ||| Stepping ~*~*~tactically~*~*~ (hiding).
 13153 | Lair:3   | Reached skill level 6 in Shields
 13441 | Lair:3   | 13441 ||| Stepping ~*~*~tactically~*~*~ (hiding).
 13869 | Lair:4   | 13869 ||| INVOKING Heroism.
 14210 | Lair:4   | 14210 ||| Stepping ~*~*~tactically~*~*~ (stealth).
 14211 | Lair:4   | Noticed an eight-headed hydra
 14212 | Lair:4   | 14212 ||| Stepping ~*~*~tactically~*~*~ (stealth).
 14217 | Lair:4   | Received a gift from Okawaru
 14222 | Lair:4   | 14222 ||| Stepping ~*~*~tactically~*~*~ (stealth).
 14224 | Lair:4   | 14224 ||| Stepping ~*~*~tactically~*~*~ (stealth).
 14228 | Lair:4   | 14228 ||| INVOKING Heroism.
 14234 | Lair:4   | 14234 ||| SWAPPING to +0 broad axe of flaming.
 14244 | Lair:4   | Killed a two-headed hydra
 14245 | Lair:4   | 14245 ||| SWAPPING to +3 vampiric war axe.
 14351 | Lair:4   | 14351 ||| INVOKING Heroism.
 14432 | Lair:4   | 14432 ||| Stepping ~*~*~tactically~*~*~ (stealth).
 14434 | Lair:4   | 14434 ||| INVOKING Heroism.
 14616 | Lair:4   | Noticed a seven-headed hydra
 14617 | Lair:4   | 14617 ||| INVOKING Heroism.
 14618 | Lair:4   | 14618 ||| INVOKING Finesse.
 14620 | Lair:4   | 14620 ||| SWAPPING to +0 broad axe of flaming.
 14623 | Lair:4   | Killed a six-headed hydra
 14624 | Lair:4   | 14624 ||| SWAPPING to +3 vampiric war axe.
 14805 | Lair:4   | 14805 ||| READING scroll labelled VEDOCZ HUAJIRR.
 14826 | Lair:5   | Entered Level 5 of the Lair of Beasts
 14826 | Lair:5   | Noticed a death yak
 14826 | Lair:5   | Noticed a death yak
 14826 | Lair:5   | Noticed a death yak
 14827 | Lair:5   | 14827 ||| INVOKING Heroism.
 14828 | Lair:5   | 14828 ||| Stepping ~*~*~tactically~*~*~ (stealth).
 14829 | Lair:5   | 14829 ||| INVOKING Finesse.
 14833 | Lair:5   | Noticed a death yak
 14834 | Lair:5   | 14834 ||| Stepping ~*~*~tactically~*~*~ (stealth).
 14845 | Lair:5   | Killed a death yak
 14850 | Lair:5   | Killed a death yak
 14852 | Lair:5   | Killed a death yak
 14853 | Lair:5   | Reached skill level 13 in Axes
 14855 | Lair:5   | 14855 ||| Stepping ~*~*~tactically~*~*~ (stealth).
 14864 | Lair:5   | Killed a death yak
 14864 | Lair:5   | Identified the +2 robe "Kexaqoph" {rElec Str+2 Dex-4}
                  | (Okawaru gifted it to you on level 5 of the Lair of Beasts)
 14864 | Lair:5   | Received a gift from Okawaru
 14865 | Lair:5   | Reached XP level 13. HP: 66/82 MP: 17/22
 14886 | Lair:5   | Reached skill level 9 in Armour
 14977 | Lair:5   | 14977 ||| INVOKING Heroism.
 15011 | Lair:5   | 15011 ||| INVOKING Heroism.
 15011 | Lair:5   | HP: 18/82 [acid (9)]
 15012 | Lair:5   | 15012 ||| READING 4 scrolls of teleportation.
 15012 | Lair:5   | HP: 4/82 [acid (10)]
 15013 | Lair:5   | 15013 ||| DRINKING 5 potions of heal wounds.
 15013 | Lair:5   | Splashed by a goliath frog's acid

Levels and vault maps discovered:
D:1:      matt_arrival_spirals, layout_basic,
          dilly_ecumenical_altar_fadedgnrine, serial_shops, shop, shop_fountains
D:2:      layout_basic
D:3:      layout_basic, minmay_bisected, uniq_sigmund, uniq_grinder
D:4:      layout_basic, gammafunk_temple_overflow_statue,
          minmay_temple_entry_grid
D:5:      layout_basic, mainiacjoe_overflow_concentric_impassable,
          minmay_statues_item, st_stairs_6, eino_small_chamber_without_monster,
          minmay_misc_feat_rows
D:6:      layout_basic, cheibriados_altar_1
D:7:      layout_loops_cross, grunt_decor_arrowhead, minmay_stone_trees_large,
          nicolae_shop_firing_range, uniq_crazy_yiuf_cottage,
          uniq_prince_ribbit1, uniq_menkaure
D:8:      layout_basic, minmay_the_grid_2x2 [minmay_the_grid_odd_star,
          minmay_the_grid_small_cups, minmay_the_grid_holed_spiral,
          minmay_the_grid_prize_inner_circle]
D:9:      layout_big_octagon, lair_entry_dummy, erik_orc_1
Temple:   mainiacjoe_temple_bowtie_tessellation
Lair:1:   layout_cave_pods, serial_bayou_pond_d, serial_bayou_pond_c,
          uniq_maggie
Lair:2:   layout_cave_pods, elwin_shoals_entry_rocks,
          chequers_serial_rivers_micro_c, nicolae_lair_grove_arrangements
Lair:3:   layout_loops_ring, guppyfry_snake_entry_garden, minivault_27,
          kennysheep_basilisk_garden
Lair:4:   layout_cave_pods, slime_entry_1, nicolae_volcano_entry_hallway,
          wad_woods_02
Lair:5:   minmay_lair_end_frog_pond, layout_small_grid, minivault_23

Skill      XL: |  1  2  3  4  5  6  7  8  9 10 11 12 13 |
---------------+----------------------------------------+-----
Axes           | 2 3 4 5 6 7 9 10 11 13 | 13.8
Throwing       | 3 4 5 |  5.2
Fighting       | 4 5 8 9 10 | 10.1
Armour         | 4 5 6 7 8 9 |  9.1
Invocations    | 4 5 9 10 | 10.0
Dodging        | 1 |  1.2
Shields        | 4 5 6 |  6.0

Action                   |  1- 3 |  4- 6 |  7- 9 | 10-12 | 13-15 || total
-------------------------+-------+-------+-------+-------+-------++-------
Melee: War axe           |   101 |   129 |   221 |   489 |    86 ||  1026
       Kick              |       |       |    54 |   157 |    31 ||   242
       Broad axe         |       |       |       |    11 |       ||    11
Throw: Javelin           |       |     4 |    47 |    72 |     3 ||   126
       Boomerang         |       |       |     2 |    20 |       ||    22
Invok: Heroism           |       |       |    12 |    30 |     2 ||    44
       Finesse           |       |       |       |     2 |       ||     2
  Use: Scroll            |     5 |       |    21 |     2 |     1 ||    29
       Potion            |     1 |     1 |     5 |       |     1 ||     8
Armor: Scale mail        |    57 |    49 |    31 |       |       ||   137
       Plate armour      |       |       |   116 |   236 |    27 ||   379
Dodge: Dodged            |    48 |    42 |    82 |   144 |    24 ||   340
       Repelled          |       |       |       |     2 |       ||     2
Block: Buckler           |    26 |    18 |    39 |    91 |    12 ||   186

Table legend:
 A = Non-vault XP
 B = Vault XP
 C = Vault XP percentage of total XP
 D = Non-vault monster count
 E = Vault monster count
 F = Vault count percentage of total count
                 A         B        C        D         E       F
            +---------+---------+-------+---------+---------+-------
      Total |   28997 |    9946 |  25.5 |     241 |      61 |  20.2
            +---------+---------+-------+---------+---------+-------
        D:1 |      44 |       0 |   0.0 |      22 |       0 |   0.0
        D:2 |      71 |       0 |   0.0 |      19 |       0 |   0.0
        D:3 |     142 |     550 |  79.5 |      21 |       6 |  22.2
        D:4 |     254 |       0 |   0.0 |      23 |       0 |   0.0
        D:5 |     646 |     121 |  15.8 |      17 |       1 |   5.6
        D:6 |    1035 |       0 |   0.0 |      14 |       0 |   0.0
        D:7 |     949 |     443 |  31.8 |      23 |       5 |  17.9
        D:8 |    1247 |    3891 |  75.7 |      20 |      16 |  44.4
        D:9 |    1847 |     566 |  23.5 |      14 |      16 |  53.3
     Lair:1 |    3809 |     385 |   9.2 |      14 |       1 |   6.7
     Lair:2 |    3582 |       0 |   0.0 |      17 |       0 |   0.0
     Lair:3 |    1983 |    1067 |  35.0 |       8 |       6 |  42.9
     Lair:4 |    5657 |     778 |  12.1 |      13 |       4 |  23.5
     Lair:5 |    7731 |    2145 |  21.7 |      16 |       6 |  27.3
            +---------+---------+-------+---------+---------+-------
